 Dungeon Crawl Stone Soup version 0.24.0-37-gcf1ca852f1 (webtiles) character file.

Game seed: 156122215815587937, levelgen mode: deterministic

226 dohliylev the Sneak (level 5, -3/37 HPs)
             Began as a Vampire Enchanter on Nov 30, 2019.
             Killed by divine providence
             ... invoked by an orc priest
              (11 damage)
             ... on level 3 of the Dungeon.
             The game lasted 00:07:20 (1525 turns).

dohliylev the Sneak (Vampire Enchanter)             Turns: 1525, Time: 00:07:20

Health: -3/37      AC:  2    Str:  7    XL:     5   Next: 69%
Magic:  1/8        EV: 13    Int: 18    God:
Gold:   111        SH:  0    Dex: 15    Spells: 5/8 levels left

rFire    . . .     SeeInvis +   a - +1 dagger
rCold    . . .     Gourm    .   (no shield)
rNeg     . . .     Faith    .   b - +0 robe
rPois    .         Spirit   .   (no helmet)
rElec    .         Reflect  .   h - scarf {cloud immunity}
rCorr    .         Harm     .   (no gloves)
MR       .....                  (no boots)
Stlth    ++++......             (no amulet)
HPRegen  0.32/turn              (no ring)
MPRegen  0.11/turn              (no ring)

@: regenerating quickly
A: no food, fangs 3, see invisible, unbreathing
a: Exsanguinate


You were on level 3 of the Dungeon.
You were alive.

You visited 1 branch of the dungeon, and saw 3 of its levels.

You collected 111 gold pieces.

Inventory:

Hand Weapons
 a - a +1 dagger (weapon)
Armour
 b - a +0 robe (worn)
 h - a scarf of cloud immunity (worn)
Jewellery
 k - an uncursed ring of see invisible {unknown}
Wands
 l - a wand of acid (2)
Scrolls
 c - 3 scrolls of identify {unknown}
 e - a scroll of teleportation {unknown}
 g - 2 scrolls of enchant armour {unknown}
 i - 2 scrolls of remove curse {unknown}
 j - a scroll of immolation {unknown}
 m - a scroll of blinking {unknown}
 n - a scroll of magic mapping {unknown}
Potions
 d - 2 potions of lignification {unknown}
 f - 2 potions of agility {unknown}


   Skills:
 + Level 1.6 Fighting
 - Level 3.0 Short Blades
 + Level 3.2 Dodging
 + Level 7.0 Stealth
 - Level 2.0 Spellcasting
 - Level 5.1 Hexes


You had 5 spell levels left.
You knew the following spells:

 Your Spells              Type           Power        Failure   Level  Hunger
a - Corona                Hex            ###....      2%          1    N/A
b - Ensorcelled Hibernat  Hex/Ice        ##....       10%         2    N/A

Your spell library contained the following spells:

 Spells                   Type           Power        Failure   Level  Hunger
 Confuse                  Hex            ###.....     7%          3    N/A
 Tukima's Dance           Hex            ###.....     7%          3    N/A
 Dazzling Spray           Conj/Hex       ##....       19%         3    N/A

Dungeon Overview and Level Annotations

Branches:
Dungeon (3/15)

Altars:


Innate Abilities, Weirdness & Mutations

You do not eat.
Your natural rate of healing is unusually fast.
You have razor-sharp teeth.
You have supernaturally acute eyesight. (SInv)
You can survive without breathing.


Message History

The orc priest completely misses you.
You closely miss the orc priest.
The orc priest is lightly wounded.
The orc priest hits you.
You hit the orc priest.
The orc priest is moderately wounded.
You hit the orc priest but do no damage.
You bite the orc priest, but do no damage.
The orc priest is moderately wounded.
The orc priest calls down the wrath of Beogh upon you.
Beogh smites you!
* * * LOW HITPOINT WARNING * * *
You hit the orc priest but do no damage.
Your bite misses the orc priest.
The orc priest is moderately wounded.
The orc priest hits you.
* * * LOW HITPOINT WARNING * * *
The orc priest mumbles some strange prayers to Beogh against you.
Beogh smites you!
You die...

.o..........#
#.# #....)..#
###.........#
#.# #.....###
#.........# #.#
#.###.#
'.........###.#
#. #.#
#.........#...#
#. #.#
#####...#.#.###
#.#
#†##########
#(#
#.##..†....#
#.#
#.##@#####.#
#.# #.##.#
#.###.# #..o.#
#.....# ######
#######


You could see an orc priest.

Vanquished Creatures
  An ogre (D:2)
  An orc wizard (D:2)
  A bullfrog skeleton (D:2)
  3 adders (D:3)
  A worm (D:2)
  3 leopard geckos
  3 orcs (D:2)
  2 ball pythons (D:2)
  3 giant cockroaches (D:1)
  4 goblins
  6 hobgoblins
  6 jackals (D:1)
  5 bats
  A frilled lizard (D:2)
  5 kobolds
  7 rats
52 creatures vanquished.

Notes
Turn   | Place    | Note
-------+----------+-------------------------------------------
     0 | D:1      | dohliylev the Vampire Enchanter began the quest for the
                  | Orb.
     0 | D:1      | Reached XP level 1. HP: 13/13 MP: 3/3
   107 | D:1      | Reached XP level 2. HP: 14/19 MP: 3/5
   118 | D:1      | Learned a level 2 spell: Ensorcelled Hibernation
   188 | D:1      | Reached skill level 5 in Stealth
   484 | D:1      | Reached skill level 5 in Hexes
   529 | D:1      | Reached XP level 3. HP: 18/24 MP: 6/6
   870 | D:2      | Found a faded altar of an unknown god.
   898 | D:2      | Reached XP level 4. HP: 23/31 MP: 1/7
  1028 | D:2      | Reached skill level 1 in Fighting
  1028 | D:2      | Reached skill level 6 in Stealth
  1061 | D:2      | Noticed an ogre
  1141 | D:2      | Killed an ogre
  1141 | D:2      | Reached XP level 5. HP: 18/37 MP: 0/8
  1451 | D:3      | Reached skill level 7 in Stealth
  1525 | D:3      | Killed from afar by an orc priest

Levels and vault maps discovered:
D:1:      dpeg_arrival_renting, layout_basic, skrybe_limestone_x
D:2:      layout_loops_ring, first_ration, chequers_ecumenical_altar_island
D:3:      layout_basic

Skill      XL: |  1  2  3  4  5 |
---------------+----------------+-----
Stealth        | 5 6 7 |  7.0
Hexes          | 5 |  5.1
Short Blades   | 2 3 |  3.0
Fighting       | 1 |  1.6
Dodging        | 3 |  3.2
Spellcasting   | |  2.0

Action                   |  1- 3 |  4- 6 || total
-------------------------+-------+-------++-------
Melee: Dagger            |   140 |    58 ||   198
       Bite              |    17 |     6 ||    23
 Cast: Corona            |     5 |     1 ||     6
       Ensorcelled Hiber |     8 |    19 ||    27
 Abil: Exsanguinate      |     1 |       ||     1
 Stab: Sleeping          |    13 |    13 ||    26
Armor: Robe              |    23 |     9 ||    32
Dodge: Dodged            |    95 |    34 ||   129
